 Dungeon Crawl Stone Soup version 0.27-a0-1359-ga2a4dfd6fd (webtiles) character file.

Game seed: 4198410453622590912

67349 Gwenloh the Severer (level 14, -6/132 HPs)
             Began as a Minotaur Berserker on June 27, 2021.
             Was a High Priest of Trog.
             Mangled by an orc warrior (21 damage)
             ... led by Saint Roka
             ... on level 2 of the Orcish Mines on June 28, 2021.
             The game lasted 01:48:23 (27969 turns).

Gwenloh the Severer (Minotaur Berserker)           Turns: 27969, Time: 01:48:24

Health: -6/132     AC: 19    Str: 21    XL:     14   Next: 82%
Magic:  13/13      EV: 17    Int:  4    God:    Trog [*****.]
Gold:   1866       SH:  0    Dex: 16    Spells: 13/13 levels left

rFire    + . .     SeeInvis .   a - +0 broad axe (freeze)
rCold    . . .     Faith    .   (no shield)
rNeg     . . .     Spirit   .   N - +2 scale mail {rPois}
rPois    +         Reflect  .   (helmet restricted)
rElec    .         Harm     .   r - +2 cloak
rCorr    .         Rampage  .   R - +0 pair of gloves
Will     +....                  q - +1 pair of boots
Stlth    ..........             u - amulet of the acrobat
HPRegen  0.32/turn              j - ring of protection from fire
MPRegen  0.13/turn              (no ring)

@: silenced (expiring), studying Invocations
A: horns 2, retaliatory headbutt
a: Renounce Religion


You were on level 2 of the Orcish Mines.
You worshipped Trog.
Trog was extremely pleased with you.
You visited 4 branches of the dungeon, and saw 20 of its levels.
You also visited: Bailey and Gauntlet.

You collected 2162 gold pieces.
You spent 296 gold pieces at shops.

Inventory:

Hand Weapons
 a - a +0 broad axe of freezing (weapon)
 b - a +0 arbalest
 m - a +3 dire flail of protection
 H - a +0 shortbow
 S - a +0 battleaxe
Missiles
 c - 97 sling bullets
 i - 278 arrows
 w - 2 silver boomerangs
 x - 19 javelins
 E - 143 bolts
 G - 63 boomerangs (quivered)
 M - 4 throwing nets
Armour
 q - a +1 pair of boots (worn)
 r - a +2 cloak (worn)
 N - a +2 scale mail of poison resistance (worn)
 R - a +0 pair of gloves (worn)
Jewellery
 g - an amulet of reflection
 j - a ring of protection from fire (left hand)
 u - an amulet of the acrobat (around neck)
Wands
 h - a wand of flame (57)
 o - a wand of digging (15)
 s - a wand of polymorph (7)
 v - a wand of mindburst (41)
 y - a wand of acid (2)
 L - a wand of iceblast (12)
 Z - a wand of paralysis (23)
Scrolls
 d - 7 scrolls of teleportation
 k - a scroll of silence
 n - 2 scrolls of enchant armour
 D - a scroll of summoning
 J - 2 scrolls of fog {unknown}
 K - 3 scrolls of fear
 P - a scroll of acquirement {unknown}
 U - a scroll of amnesia {unknown}
 V - a scroll of holy word {unknown}
 X - 2 scrolls of brand weapon
 Y - a scroll of immolation {unknown}
Potions
 e - a potion of cancellation {unknown}
 f - 3 potions of mutation {unknown}
 l - 7 potions of curing
 p - a potion of brilliance {unknown}
 t - 2 potions of haste
 A - 3 potions of might
 B - a potion of resistance
 C - 2 potions of magic {unknown}
 O - 2 potions of degeneration {unknown}
 Q - a potion of attraction {unknown}
 T - a potion of flight
Miscellaneous
 z - a phantom mirror
 I - a lightning rod (4/4)


   Skills:
 + Level 14.2 Fighting
 + Level 18.8 Axes
 + Level 14.0 Armour
 + Level 13.1 Dodging


You had 13 spell levels left.
You didn't know any spells.
Your spell library was empty.

Dungeon Overview and Level Annotations

Branches:
Dungeon (11/15)            Temple (1/1) D:6            Lair (6/6) D:11
 Shoals (0/4) Lair:3       Spider (0/4) Lair:4        Slime (0/5) Lair:5
    Orc (2/2) D:9             Elf (0/3) Orc:2        Bailey (visited)
Gauntlet (visited)

Altars:
Ashenzari
Cheibriados
Dithmenos
Elyvilon
Fedhas
Gozag
Hepliaklqana
Kikubaaqudgha
Makhleb
Nemelex Xobeh
Okawaru
Qazlal
Ru
Sif Muna
Trog
Uskayaw
Vehumet
Wu Jian
Xom
Yredelemnul
Zin
The Shining One
Beogh

Shops:
D:1 (   D:3 !   D:8 *   Orc:2 [:

Annotations:
D:5 3 runed translucent doors, Decipherer's ghost, amateur MiMo
D:9 2 transporters, Anon1729's ghost, novice PaFi
Lair:1 exclusion: 2 oklob plants
Orc:2 Saint Roka


Innate Abilities, Weirdness & Mutations

You have a pair of horns on your head.
You reflexively headbutt those who attack you in melee.


Message History

You hit the orc warrior but do no damage.
Saint Roka mumbles some strange prayers to Beogh against you.
Beogh smites you!
* * * LOW HITPOINT WARNING * * *
The orc warrior closely misses you.
You barely miss Saint Roka.
Saint Roka is almost dead.
You hit the orc warrior. You freeze the orc warrior.
An orc comes into view. It is wielding a +0 dagger.
Saint Roka calls down the wrath of Beogh upon you.
Beogh smites you!
* * * LOW HITPOINT WARNING * * *
You feel much better.
The orc warrior hits you but does no damage.
An orc warrior comes into view. It is wielding a +0 short sword.
The orc wizard hits you with a +0 dagger.
* * * LOW HITPOINT WARNING * * *
Saint Roka roars a battlecry!
The orcs go into a battle-frenzy!
You barely miss Saint Roka.
Saint Roka is almost dead.
You hit the orc warrior. You freeze the orc warrior.
You kill the orc warrior!
Trog accepts your kill.
You closely miss the orc wizard.
Saint Roka invokes the aid of Beogh against you.
Beogh smites you!
* * * LOW HITPOINT WARNING * * *
You closely miss Saint Roka. Your headbutt misses Saint Roka.
Saint Roka is almost dead.
You slash the orc wizard! You freeze the orc wizard.
Okay, then.
Okay, then.
You feel better.
The orc wizard hits you but does no damage.
Saint Roka mumbles some strange prayers to Beogh against you.
Beogh smites you!
* * * LOW HITPOINT WARNING * * *
The orc warrior hits you with a +0 short sword!!
You die...

##.).......#
##'###รท###'###.###'
#........###
#...#.[.#...##'##..
##....####
#...#...#...#8.8#.. ##.###
#############...### ### #####
#####......... ##...##
###.o[.....[....
##.....####.......).......
##.......##).....##).......
#...))[...@o..o###.........
###...[<..).oo.###...).......
#.#...[))....###......)[)....
#.....)..[..###..............
#...........##........#.)[#..
#........##..........##..)##.
##...##...........####.)...##
#....^..##.......###.......#
#.......#.........#.........


You could see Saint Roka, 2 orc warriors, an orc wizard (strong) and an orc
(strong).

Vanquished Creatures
  A dire elephant (Lair:6)
  Snorg (Orc:2)
  2 boulder beetles (D:11)
  An ogre mage (D:10)
  4 hydras
  A catoblepas (Lair:6)
  4 two-headed ogres
  9 death yaks
  Nergalle (Orc:1)
  3 lindwurms (Lair:6)
  8 orc knights
  4 orc sorcerers (Orc:2)
  A deep elf pyromancer (D:10)
  12 elephants
  5 black mambas
  6 torpor snails
  11 cane toads
  11 komodo dragons
  2 rime drakes (Lair:6)
  Grinder (D:5)
  2 trolls
  2 polar bears
  A hornet (D:11)
  16 blink frogs
  7 dream sheep (Lair:6)
  A shadow (D:11)
  46 yaks
  2 wraiths
  8 wyverns
  4 basilisks
  Menkaure (D:5)
  3 steam dragons
  4 vampire mosquitoes (D:11)
  5 wargs (Orc:2)
  2 acid dragons (D:8)
  19 water moccasins
  A floating eye (Lair:1)
  A sky beast (D:5)
  2 black bears
  31 orc warriors
  4 centaurs
  A necrophage (D:4)
  11 ogres (Orc:2)
  31 wolves
  A kobold brigand (D:11)
  2 scorpions (D:6)
  13 bullfrogs
  A gnoll sergeant (D:5)
  A water moccasin zombie (D:4)
  5 killer bees (D:9)
  4 electric eels
  5 wights (D:9)
  4 howler monkeys
  7 centaur zombies
  2 bullfrog zombies
  17 jellies
  4 hounds
  2 gnoll shamans (D:9)
  13 orc priests
  2 centaur skeletons (D:6)
  An iguana (D:6)
  Ijyb (D:5)
  Terence (D:2)
  2 hell rats (Lair:6)
  13 orc wizards
  A killer bee zombie (D:7)
  2 hound skeletons
  A howler monkey zombie (D:10)
  18 gnolls
  A howler monkey skeleton (D:7)
  8 adders
  A white imp (D:6)
  An ufetubus (D:5)
  An adder skeleton (D:4)
  A worm (D:4)
  4 dart slugs
  87 orcs
  10 ball pythons
  6 bats
  4 endoplasms
  3 giant cockroaches
  14 goblins
  7 hobgoblins
  10 jackals
  26 kobolds
  4 quokkas
  8 frilled lizards
  6 rats
618 creatures vanquished.

Vanquished Creatures (collateral kills)
  3 hydras
  2 elephants (Lair:4)
  A black mamba (Lair:6)
  A blink frog (Lair:6)
  3 yaks (Lair:5)
10 creatures vanquished.

Vanquished Creatures (others)
  3 demonic plants (Gauntlet)
  41 fungi
  75 plants
  13 withered plants (Gauntlet)
132 creatures vanquished.

Grand Total: 760 creatures vanquished

Notes
Turn   | Place    | Note
-------+----------+-------------------------------------------
     0 | D:1      | Gwenloh the Minotaur Berserker began the quest for the Orb.
     0 | D:1      | Reached XP level 1. HP: 19/19 MP: 0/0
    49 | D:1      | Found Ijol's Antique Weapon Shop.
   142 | D:1      | Reached skill level 4 in Axes
   312 | D:1      | Reached XP level 2. HP: 26/26 MP: 1/1
   650 | D:1      | Reached skill level 5 in Axes
   707 | D:1      | Reached XP level 3. HP: 31/31 MP: 2/2
  1307 | D:1      | Reached ** piety under Trog
  1702 | D:2      | Noticed Terence
  1712 | D:2      | Killed Terence
  1713 | D:2      | Reached skill level 6 in Axes
  1713 | D:2      | Reached XP level 4. HP: 25/39 MP: 3/3
  1733 | D:2      | Found a basalt altar of Yredelemnul.
  2607 | D:3      | Found a faded altar of an unknown god.
  2986 | D:3      | Found Fyli's Distillery.
  3382 | D:4      | Reached skill level 7 in Axes
  3382 | D:4      | Reached XP level 5. HP: 44/45 MP: 4/4
  3761 | D:4      | Reached skill level 8 in Axes
  3761 | D:4      | Reached XP level 6. HP: 51/51 MP: 5/5
  4280 | D:4      | Found a hazy altar of Hepliaklqana.
  4441 | D:4      | Found a shimmering blue altar of Sif Muna.
  4486 | D:4      | Reached skill level 9 in Axes
  4561 | D:5      | Entered Level 5 of the Dungeon
  4614 | D:5      | Noticed Grinder
  4617 | D:5      | Paralysed by Grinder for 7 turns
  4639 | D:5      | Killed Grinder
  4640 | D:5      | Reached skill level 10 in Axes
  4640 | D:5      | Reached XP level 7. HP: 57/57 MP: 6/6
  4673 | D:5      | Reached *** piety under Trog
  4739 | D:5      | Noticed Ijyb
  4747 | D:5      | Killed Ijyb
  4913 | D:5      | Reached skill level 11 in Axes
  4947 | D:5      | Noticed a wraith
  4959 | D:5      | Killed a wraith
  4960 | D:5      | Reached XP level 8. HP: 41/64 MP: 7/7
  5199 | D:5      | Noticed Menkaure
  5223 | D:5      | Killed Menkaure
  5224 | D:5      | Reached skill level 12 in Axes
  5409 | D:5      | Found a runed translucent gate.
  5409 | D:5      | Found a runed translucent gate.
  5409 | D:5      | Found a runed translucent gate.
  5412 | D:5      | Found an opulent altar of Gozag.
  5414 | D:5      | Noticed Decipherer's ghost (amateur MiMo)
  5644 | D:5      | Reached skill level 13 in Axes
  6305 | D:6      | Reached XP level 9. HP: 66/70 MP: 8/8
  6390 | D:6      | Found a staircase to the Ecumenical Temple.
  6422 | D:6      | Reached skill level 14 in Axes
  6476 | Temple   | Entered the Ecumenical Temple
  8266 | D:8      | Found Gikk's Assorted Antiques.
  8269 | D:8      | Bought a scroll of identify for 56 gold pieces
  8324 | D:8      | Found a flagged portal.
  8352 | Bailey   | Entered a bailey
  8422 | Bailey   | Noticed an orc knight
  8453 | Bailey   | Noticed an orc knight
  8593 | Bailey   | Killed an orc knight
  9015 | Bailey   | Killed an orc knight
  9016 | Bailey   | Reached skill level 5 in Fighting
  9367 | D:8      | Reached skill level 5 in Armour
  9387 | D:8      | Found a radiant altar of Vehumet.
  9387 | D:8      | Found a basalt altar of Yredelemnul.
  9390 | D:8      | Noticed a troll
  9417 | D:8      | Killed a troll
  9418 | D:8      | Reached XP level 10. HP: 83/83 MP: 9/9
  9677 | D:8      | Reached skill level 5 in Dodging
 10671 | D:3      | Bought 2 potions of heal wounds for 120 gold pieces
 10671 | D:3      | Bought a potion of haste for 120 gold pieces
 10892 | D:9      | Noticed a purple ugly thing
 10892 | D:9      | Noticed Anon1729's ghost (novice PaFi)
 10896 | D:9      | Found a transporter.
 11020 | D:9      | Reached **** piety under Trog
 11080 | D:9      | Reached skill level 15 in Axes
 11386 | D:9      | Found a staircase to the Orcish Mines.
 11579 | D:9      | Found a transporter.
 12313 | Orc:1    | Entered Level 1 of the Orcish Mines
 12313 | Orc:1    | Noticed Nergalle
 12339 | D:10     | Entered Level 10 of the Dungeon
 12419 | D:10     | Reached XP level 11. HP: 73/94 MP: 10/10
 12659 | D:10     | Noticed a two-headed ogre
 12666 | D:10     | Killed a two-headed ogre
 12902 | D:10     | Noticed an ogre mage
 12902 | D:10     | Noticed a deep elf pyromancer
 12909 | D:10     | Paralysed by an ogre mage for 3 turns
 12918 | D:10     | Killed a deep elf pyromancer
 12923 | D:10     | Killed an ogre mage
 13462 | D:11     | Noticed a two-headed ogre
 13469 | D:11     | Killed a two-headed ogre
 13616 | D:11     | Noticed a boulder beetle
 13627 | D:11     | Noticed a boulder beetle
 13639 | D:11     | Killed a boulder beetle
 13640 | D:11     | Reached skill level 16 in Axes
 13644 | D:11     | Killed a boulder beetle
 14106 | D:11     | Found a staircase to the Lair.
 14302 | Lair:1   | Entered Level 1 of the Lair of Beasts
 14361 | Lair:1   | Noticed a four-headed hydra
 14370 | Lair:1   | Killed a nine-headed hydra
 14449 | Lair:1   | Found a gate leading to a gauntlet.
 14464 | Gauntlet | Entered a Gauntlet
 14464 | Gauntlet | Found a transporter.
 14473 | Gauntlet | Noticed an oklob plant
 14474 | Gauntlet | Found a transporter.
 14476 | Gauntlet | Found a transporter.
 14478 | Gauntlet | Found a transporter.
 14493 | Gauntlet | Found a transporter.
 14509 | Gauntlet | Found a transporter.
 14516 | Gauntlet | Found a transporter.
 14517 | Gauntlet | Noticed a thrashing horror
 14536 | Gauntlet | Found a transporter.
 14553 | Gauntlet | Found a transporter.
 14560 | Gauntlet | Noticed a reaper
 14562 | Gauntlet | Found a transporter.
 14574 | Gauntlet | Found a transporter.
 14582 | Gauntlet | Noticed a death drake
 14585 | Gauntlet | Noticed a sixfirhy
 14586 | Gauntlet | Noticed a sixfirhy
 14588 | Gauntlet | Found a transporter.
 14591 | Gauntlet | Noticed a sixfirhy
 14596 | Gauntlet | Noticed a death yak
 14598 | Gauntlet | Noticed a death yak
 14598 | Gauntlet | Noticed a death yak
 14599 | Gauntlet | Noticed a death yak
 14600 | Gauntlet | Found a transporter.
 14601 | Gauntlet | Noticed a necromancer
 14617 | Gauntlet | Found a transporter.
 14634 | Gauntlet | Found a transporter.
 14636 | Gauntlet | Found a transporter.
 14692 | Lair:1   | Reached skill level 10 in Fighting
 14733 | Lair:1   | Reached XP level 12. HP: 92/106 MP: 11/11
 15242 | Lair:1   | Paralysed by a floating eye for 3 turns
 15316 | Lair:1   | You fall into a shaft and drop 1 floor!
 15356 | Lair:2   | Reached skill level 10 in Armour
 15874 | Lair:1   | You fall into a shaft and drop 1 floor!
 16791 | Lair:2   | Identified the ring of Anic {Wiz rPois Str-2 Int+6}
 17593 | Lair:3   | Reached skill level 10 in Dodging
 17735 | Lair:3   | Noticed a seven-headed hydra
 18104 | Lair:3   | Reached skill level 17 in Axes
 18360 | Lair:3   | Killed a seven-headed hydra
 18581 | Lair:3   | Found a staircase to the Shoals.
 18666 | Lair:4   | Noticed an eight-headed hydra
 18673 | Lair:4   | Killed an eight-headed hydra
 18701 | Lair:3   | Reached XP level 13. HP: 55/116 MP: 12/12
 18938 | Lair:3   | Upgraded the game from 0.27-a0-1347-gd8886f0a89 to
                  | 0.27-a0-1359-ga2a4dfd6fd
 19650 | Lair:4   | Found a hole to the Spider Nest.
 20794 | Lair:5   | Found a staircase to the Slime Pits.
 21581 | Lair:6   | Entered Level 6 of the Lair of Beasts
 22082 | Lair:6   | Identified the ring "Zob Opse" {Will- Str+6 Int+4}
 22337 | Lair:6   | Reached skill level 18 in Axes
 22907 | Lair:6   | Reached XP level 14. HP: 107/129 MP: 13/13
 23009 | Lair:6   | Identified the +1 mace "Worm" {speed, rC+ Will+ Str+3}
 23214 | Lair:6   | Found a snail-covered altar of Cheibriados.
 23786 | Lair:6   | Reached ***** piety under Trog
 25174 | Orc:1    | Killed Nergalle
 25318 | Orc:2    | Entered Level 2 of the Orcish Mines
 25977 | Orc:2    | Found Arhohaam's Antique Armour Shop.
 26082 | Orc:2    | Found Fompem's Book Boutique.
 27491 | Orc:2    | Found a staircase to the Elven Halls.
 27558 | Orc:2    | Received a gift from Trog
 27644 | Orc:2    | Noticed Snorg
 27660 | Orc:2    | Killed Snorg
 27665 | Orc:2    | Noticed Saint Roka
 27969 | Orc:2    | Mangled by an orc warrior

Illustrated notes

Levels and vault maps discovered:
D:1:      dpeg_arrival_shrine, layout_loops_corners, serial_shops,
          nicolae_shop_waterfront, minmay_misc_feat_tiny
D:2:      layout_basic, basic_altar, st_stairs_13, uniq_terence
D:3:      layout_basic, serial_glass, glass_columns_b, glass_columns_b,
          glass_columns_c, glass_columns_b, glass_columns_b, glass_columns_c,
          glass_columns_c, glass_columns_c, serial_shops,
          nicolae_shop_behind_doors, ebering_ecumenical_altar_sacrificial
D:4:      minmay_chambers_of_fours, layout_gridville,
          nicolae_overflow_hidden_temple, nicolae_sif_muna_little_library,
          dk_noncrumbling_3, wad_floor_pattern_2
D:5:      layout_loops_ring, ebering_ghost_gozag, uniq_grinder, uniq_menkaure,
          uniq_ijyb
D:6:      layout_gridville, minmay_temple_entry_arrows
D:7:      layout_basic, serial_corexii_hall, corexii_hall_statues_deadend,
          chequers_hall_statues_y
D:8:      layout_loops_ring, jmf_multi_god_temple, enter_bailey_2, serial_shops,
          kennysheep_mini_moat, serial_bayou_lagoon_a,
          chequers_serial_rivers_small_3
D:9:      layout_roguey, david_orc_5, gammafunk_ghost_arena, skrybe_limestone_x
D:10:     layout_basic, amcnicky_mini_rare_corridor_liquid,
          chequers_serial_rivers_micro_d, minmay_bent
D:11:     layout_rooms, david_lair_shrubbed
Temple:   hc_temple_tempest_star
Lair:1:   layout_cave_pods, gauntlet_entry_generic,
          chequers_serial_rivers_marsh, disabler_island, serial_bayou_shore_a,
          infiniplex_staircase_pool
Lair:2:   layout_hall_layers
Lair:3:   layout_hall_layers, shoals_dummy_entry, chequers_serial_rivers_marsh,
          beast_lair_carwin_7
Lair:4:   layout_cave_shapes, spider_nest_entry_web_field, serial_bayou_shore_b
Lair:5:   layout_cave_pods, minmay_slime_entry_jelly_boxes, grunt_megastairs_5
Lair:6:   hangedman_lair_in_review, layout_gridlike, st_stairs_6,
          kennysheep_snail_temple
Orc:1:    layout_diamond_mine, basic_altar, trog_butcher_becter, uniq_nergalle
Orc:2:    pubby_orc_utopia, serial_shops, uniq_snorg

Skill      XL: |  1  2  3  4  5  6  7  8  9 10 11 12 13 14 |
---------------+-------------------------------------------+-----
Axes           | 4 5 6 7 8 10 11 13 14 15 16 17 18 | 18.8
Fighting       | 5 8 10 11 13 14 | 14.2
Armour         | 5 7 9 11 12 14 | 14.0
Dodging        | 4 6 8 10 12 13 | 13.1

Action                   |  1- 3 |  4- 6 |  7- 9 | 10-12 | 13-15 || total
-------------------------+-------+-------+-------+-------+-------++-------
Melee: Hand axe          |    82 |    45 |    31 |       |       ||   158
       Headbutt          |    11 |    18 |    33 |   143 |   169 ||   374
       Whip              |     8 |    85 |       |       |       ||    93
       Broad axe         |       |       |   159 |   552 |   686 ||  1397
       Dire flail        |       |       |       |    12 |    17 ||    29
 Fire: Hunting sling     |       |       |   150 |     7 |       ||   157
       Arbalest          |       |       |       |       |   101 ||   101
Throw: Stone             |    45 |    50 |     1 |       |       ||    96
       Dart              |       |    28 |    18 |       |       ||    46
       Javelin           |       |     4 |       |       |       ||     4
       Boomerang         |       |       |     2 |    89 |    40 ||   131
Invok: Trog's Hand       |     1 |     3 |     7 |    16 |     7 ||    34
       Berserk           |       |     1 |     5 |     6 |     5 ||    17
       Brothers in Arms  |       |       |       |     4 |     3 ||     7
Evoke: Wand              |       |       |     7 |     3 |       ||    10
       Lightning rod     |       |       |       |     1 |       ||     1
  Use: Scroll            |       |       |     7 |     8 |     3 ||    18
       Potion            |       |       |     3 |     1 |     4 ||     8
 Stab: Distracted        |       |       |       |       |     1 ||     1
Armor: Animal skin       |     2 |       |       |       |       ||     2
       Leather armour    |    23 |    21 |       |       |       ||    44
       Ring mail         |       |    14 |    97 |     2 |       ||   113
       Steam dragon scal |       |       |       |    24 |       ||    24
       Scale mail        |       |       |       |   169 |   226 ||   395
Dodge: Dodged            |    52 |    65 |   136 |   385 |   439 ||  1077

Table legend: (Time is in decaauts)
 A = Elapsed time spent in this place.
 B = Non-inter-level travel time spent in this place.
 C = Inter-level travel time spent in this place.
 D = Time resting spent in this place.
 E = Time spent auto-exploring this place.
 F = Levels seen in this place.
 G = Mean time per level.
                   A        B        C        D        E       F      G
               +--------+--------+--------+--------+--------+-----+--------+
         Total |  28039 |  26545 |   1494 |   5406 |  13763 |  22 | 1274.5 |
       Dungeon |  13289 |  12401 |    888 |    844 |   9447 |  11 | 1208.1 |
        Temple |    263 |    245 |     18 |      0 |    243 |   1 |  263.0 |
          Lair |  10493 |   9906 |    587 |   2981 |   3671 |   6 | 1748.8 |
  Orcish Mines |   2765 |   2765 |      0 |   1181 |    270 |   2 | 1382.5 |
        Bailey |   1021 |   1021 |      0 |    399 |    131 |   1 | 1021.0 |
      Gauntlet |    206 |    206 |      0 |      0 |      0 |   1 |  206.0 |
               +--------+--------+--------+--------+--------+-----+--------+

Top non-repeatable levels by time:
  Lair:6: 2745 daAuts
  Lair:1: 2277 daAuts
  Lair:5: 2153 daAuts
   Orc:2: 2069 daAuts
     D:9: 1515 daAuts
     D:6: 1481 daAuts
     D:1: 1433 daAuts
     D:8: 1415 daAuts
     D:4: 1276 daAuts
  Lair:3: 1222 daAuts
     D:5: 1173 daAuts
    D:10: 1147 daAuts
     D:2: 1112 daAuts
  Lair:2: 1060 daAuts
  Lair:4: 1033 daAuts
